[Event "Turkish-ch Youth U18 Boys 2024"]
[Site "Belek Antalya"]
[Date "2024.01.22"]
[Round "3"]
[White "Kilic, Nurullah"]
[Black "Giray, Arda"]
[Result "1/2-1/2"]
[ECO "C54"]
[WhiteElo "1751"]
[BlackElo "1323"]
[Annotator "NA RC COMBH"]
[PlyCount "70"]
[EventDate "2024.01.21"]
[EventType "swiss"]
[EventCountry "TUR"]
[SourceTitle "playchess.com"]
[Source "ChessBase"]
[SourceQuality "1"]
[TimeControl "5400+30"]

1. e4 e5 2. Nf3 Nc6 3. Bc4 Bc5 4. c3 Nf6 5. d3 O-O 6. Nbd2 d6 7. h3 Be6 8. Bb3 h6 9. Nf1 Bb6 10. Ng3 Nd7 11. O-O Nc5 12. Bc2 d5 13. b4 Nd7 14. a4 a6 15. Ba3 dxe4 16. dxe4 Re8 17. Qe2 Qf6 18. Rad1 Rad8 19. Nf5 Ne7 20. N3h4 Ng6 21. Nxg6 fxg6 22. Ne3 Qg5 23. Kh2 Nf6 24. Bc1 Rxd1 25. Rxd1 Qh4 26. f3 Nh5 27. Nf1 Rf8 28. Bd3 Nf4 29. Bxf4 Qxf4+ 30. Kh1 Kh7 31. Bc4 Bc8 32. Qd2 Qh4 33. Nh2 Qg3 34. Nf1 Qh4 35. Nh2 Qg3 1/2-1/2

[Event "Turkish-ch Youth U18 Boys 2024"]
[Site "Belek Antalya"]
[Date "2024.01.22"]
[Round "3"]
[White "Aksu, Ata Anil"]
[Black "Erdogan, Tekin Alp"]
[Result "1/2-1/2"]
[ECO "B23"]
[WhiteElo "1728"]
[BlackElo "1992"]
[Annotator "TA"]
[PlyCount "62"]
[EventDate "2024.01.21"]
[EventType "swiss"]
[EventCountry "TUR"]
[SourceTitle "playchess.com"]
[Source "ChessBase"]
[SourceQuality "1"]
[TimeControl "5400+30"]

1. e4 c5 2. Nc3 Nc6 3. f4 g6 4. Nf3 Bg7 5. Bb5 Nd4 6. O-O a6 7. Be2 b5 8. d3 d6 9. Nd5 {[%emt 0:01:30] The position is equal.} e6 10. Ne3 Ne7 11. c3 Nxe2+ 12. Qxe2 O-O 13. Bd2 a5 14. Rae1 b4 15. e5 Ba6 16. c4 ({Better is} 16. Nc4 $15) 16... Bb7 $17 17. Ng4 Nf5 18. Bc1 h5 19. Nf2 {[%emt 0:02:30] [#]} dxe5 (19... Bxf3 $1 $17 20. Qxf3 a4) 20. fxe5 $15 Qc7 {[%emt 0:06:30] And now ...Bxf3 would win.} 21. Ne4 Bxe5 22. Nxe5 Qxe5 23. Kh1 (23. Qf2 $1 $11) 23... Qd4 (23... Nd4 $17 24. Qf2 Bxe4 25. dxe4 Qg7) 24. b3 $11 {[%emt 0:02:30] Strongly threatening Bb2.} Bxe4 $2 (24... Rfd8 $1 $11) 25. dxe4 $18 Ne7 26. Rd1 {[%emt 0:02:30][%mdl 1024] White has strong compensation.} Qg7 27. Qf2 ({White should try} 27. Rd7 $16 Nc6 28. Bg5) 27... Rac8 $1 $14 28. Bb2 e5 29. Rd7 (29. Kg1 $14) 29... f6 (29... f5 $1 $11 {keeps the balance.} 30. Qd2 fxe4) 30. Rfd1 Kh7 {[%emt 0:01:30] [#]} (30... Rf7 $14) 31. h3 $1 $16 {[%emt 0:02:30] White is much more active.} Rf7 {[%emt 0:06:30] Weighted Error Value: White=0.23 (precise) /Black=0.31.  Loses game:     	---       	Black=1      Mistake:       	White=4     	Black=4      Inaccurate:     	White=4     	Black=1      OK:         	White=6     	Black=12     Best:        	White=1     	Black=1      Strong:       	---       	Black=1} 1/2-1/2

[Event "Turkish-ch Youth U18 Boys 2024"]
[Site "Belek Antalya"]
[Date "2024.01.22"]
[Round "3"]
[White "Ozcan, Alp Orcun"]
[Black "Ozen, Metehan"]
[Result "1/2-1/2"]
[ECO "C89"]
[WhiteElo "1657"]
[BlackElo "2252"]
[Annotator "RC"]
[PlyCount "103"]
[EventDate "2024.01.21"]
[EventType "swiss"]
[EventCountry "TUR"]
[SourceTitle "playchess.com"]
[Source "ChessBase"]
[SourceQuality "1"]
[TimeControl "5400+30"]

1. e4 e5 2. Nf3 Nc6 3. Bb5 a6 4. Ba4 Nf6 5. O-O Be7 6. Re1 b5 7. Bb3 O-O 8. c3 d5 9. exd5 Nxd5 10. Nxe5 Nxe5 11. Rxe5 c6 12. d4 Bd6 13. Re1 Qh4 14. g3 Qh3 15. Qd3 Bf5 16. Qf1 Qh5 17. Be3 Bh3 18. Bd1 Qf5 19. Qe2 Rae8 20. Nd2 c5 21. a3 cxd4 22. cxd4 Bf4 23. Nf1 Bxf1 24. Qxf1 Nxe3 25. fxe3 Bxe3+ 26. Kg2 Qxf1+ 27. Kxf1 Bxd4 28. Rxe8 Rxe8 29. Ra2 g6 30. b3 Re6 31. Re2 Rc6 32. Rc2 Rd6 33. Rd2 Kg7 34. Kg2 f5 35. Bf3 Kf6 36. Bb7 a5 37. Rc2 h6 38. Rc6 Rxc6 39. Bxc6 b4 40. axb4 axb4 41. Kf3 g5 42. g4 h5 43. gxf5 Be5 44. h3 Kxf5 45. Bd7+ Kg6 46. Be8+ Kh6 47. Bf7 Bb8 48. Be8 g4+ 49. hxg4 h4 50. Kg2 Kg5 51. Kh3 Bd6 52. Bf7 1/2-1/2

[Event "Turkish-ch Youth U18 Boys 2024"]
[Site "Belek Antalya"]
[Date "2024.01.22"]
[Round "3"]
[White "Acar, Erdogan"]
[Black "Temizer, Umut"]
[Result "1/2-1/2"]
[ECO "D00"]
[WhiteElo "1594"]
[BlackElo "2071"]
[Annotator "TA"]
[PlyCount "46"]
[EventDate "2024.01.21"]
[EventType "swiss"]
[EventCountry "TUR"]
[SourceTitle "playchess.com"]
[Source "ChessBase"]
[SourceQuality "1"]
[TimeControl "5400+30"]

1. d4 d5 2. e3 g6 3. Nf3 Bg7 4. Be2 Nf6 5. O-O Bg4 6. b4 O-O 7. Nbd2 Nbd7 8. Bb2 {[%emt 0:03:30] White is slightly better.} Ne4 9. Nxe4 dxe4 10. Nd2 Bxe2 11. Qxe2 f5 12. Rfd1 c6 13. a4 Qc7 14. c4 h6 15. Nb3 e6 16. Nc5 Rae8 (16... Nxc5 $11 17. bxc5 (17. dxc5 Rfd8 $11) 17... Rad8) 17. a5 Nf6 18. Rd2 Ng4 19. g3 g5 {[%emt 0:06:30] [#]} (19... h5 $11) 20. Nxe4 $1 $16 Nxh2 21. Kxh2 {[%emt 0:08:43] White is clearly better.} fxe4 22. Qg4 Rf6 {[%emt 0:01:30] [#]} (22... Qe7 $16 {was worth a try.} 23. Ba3 (23. Qxe4 Qxb4 24. Rc2 a6 $14) 23... Rf5 24. Qxe4 Qf7) 23. Qxe4 (23. d5 $1 $18 Rff8 24. d6 (24. Qxe4 exd5 25. Qd3 Bxb2 $14) (24. dxe6 Bxb2 25. Rxb2 Qg7 $16)) 23... Ref8 {[%emt 0:00:00] Weighted Error Value: White=0.13 (very precise) /Black=0.26 (precise) .  Mistake:       	White=1     	Black=3      Inaccurate:     	White=2     	Black=1      OK:         	White=10    	Black=6} 1/2-1/2

[Event "Turkish-ch Youth U18 Boys 2024"]
[Site "Belek Antalya"]
[Date "2024.01.23"]
[Round "4"]
[White "Ozen, Metehan"]
[Black "Engin, Onur Cinar"]
[Result "0-1"]
[ECO "C02"]
[WhiteElo "2252"]
[BlackElo "2061"]
[Annotator "RC"]
[PlyCount "78"]
[EventDate "2024.01.21"]
[EventType "swiss"]
[EventCountry "TUR"]
[SourceTitle "playchess.com"]
[Source "ChessBase"]
[SourceQuality "1"]
[TimeControl "5400+30"]

1. e4 e6 2. d4 d5 3. e5 c5 4. c3 Nc6 5. Nf3 Qb6 6. a3 Bd7 7. b4 cxd4 8. cxd4 Rc8 9. Be2 a5 10. b5 Nxd4 11. Nxd4 Rxc1 12. Qxc1 Qxd4 13. Qc7 Bc5 14. Qb8+ Ke7 15. Ra2 Qxf2+ 16. Kd1 f6 17. Nd2 Qd4 18. exf6+ gxf6 19. Rf1 Bd6 20. Qxb7 Nh6 21. b6 Rb8 22. Qa6 Ng4 23. Bxg4 Qxg4+ 24. Nf3 Qa4+ 25. Rc2 Qxa3 26. Re1 Qa1+ 27. Ke2 Qa4 28. Kd1 Rc8 29. Qd3 Qa1+ 30. Ke2 Bb5 31. Qxb5 Rxc2+ 32. Kf1 Qb2 33. Rxe6+ Kxe6 34. Qe8+ Be7 35. Qg8+ Kd6 36. Qb8+ Kd7 37. Qa7+ Ke8 38. b7 Rc1+ 39. Ne1 Qb5+ 0-1

[Event "Turkish-ch Youth U18 Boys 2024"]
[Site "Belek Antalya"]
[Date "2024.01.23"]
[Round "4"]
[White "Temizer, Umut"]
[Black "Giray, Arda"]
[Result "1-0"]
[ECO "C68"]
[WhiteElo "2071"]
[BlackElo "1323"]
[Annotator "RC"]
[PlyCount "61"]
[EventDate "2024.01.21"]
[EventType "swiss"]
[EventCountry "TUR"]
[SourceTitle "playchess.com"]
[Source "ChessBase"]
[SourceQuality "1"]
[TimeControl "5400+30"]

1. e4 e5 2. Nf3 Nc6 3. Bb5 a6 4. Bxc6 dxc6 5. Nc3 Bd6 6. d4 Qe7 7. dxe5 Bxe5 8. Nxe5 Qxe5 9. Qf3 g5 10. h4 h6 11. Be3 Be6 12. O-O-O g4 13. Qe2 Ne7 14. Qd2 Rg8 15. Bxh6 f6 16. Bf4 Qa5 17. b3 Kf7 18. Kb2 b5 19. Qd4 Rad8 20. Qc5 Ng6 21. Bg3 Qb6 22. Qxb6 cxb6 23. Rxd8 Rxd8 24. Bc7 Rd2 25. Bxb6 Ne5 26. Kc1 Rd7 27. Rd1 Kg6 28. Ne2 Rh7 29. Rd6 Kf7 30. g3 Nd7 31. Rxc6 1-0

[Event "Turkish-ch Youth U18 Boys 2024"]
[Site "Belek Antalya"]
[Date "2024.01.23"]
[Round "4"]
[White "Erdogan, Tekin Alp"]
[Black "Ozcan, Alp Orcun"]
[Result "1-0"]
[ECO "D02"]
[WhiteElo "1992"]
[BlackElo "1657"]
[Annotator "RC"]
[PlyCount "131"]
[EventDate "2024.01.21"]
[EventType "swiss"]
[EventCountry "TUR"]
[SourceTitle "playchess.com"]
[Source "ChessBase"]
[SourceQuality "1"]
[TimeControl "5400+30"]

1. d4 d5 2. Nf3 Nf6 3. c3 e6 4. Bf4 c5 5. e3 Bd6 6. Nbd2 Bxf4 7. exf4 O-O 8. dxc5 Qc7 9. g3 Qxc5 10. Bd3 b6 11. Qe2 Nbd7 12. O-O Qd6 13. Rfe1 Nc5 14. Ne5 Bb7 15. Nef3 Rfe8 16. Rad1 Qc7 17. Nd4 Rad8 18. h4 Nfd7 19. Bb5 a6 20. Bxd7 Rxd7 21. N2f3 Rde7 22. Ng5 f6 23. Ngf3 Qd7 24. Qc2 Ba8 25. h5 Kh8 26. Nh4 e5 27. Ndf5 Re6 28. fxe5 Rxe5 29. Qd2 Ne4 30. Qd3 Bc6 31. g4 Nc5 32. Qd2 Qe6 33. Rxe5 Qxe5 34. Qd4 Qe2 35. Ng3 Qe5 36. Nhf5 Kg8 37. Ne3 Qxd4 38. Rxd4 Ne6 39. Rd1 Rd8 40. Ngf5 Kf7 41. Nd4 Nxd4 42. Rxd4 Ke6 43. f4 Kd6 44. Nf5+ Kc5 45. Nxg7 Bd7 46. h6 Rf8 47. Kf2 Rf7 48. f5 Bb5 49. Ne6+ Kd6 50. b3 Ke5 51. Ke3 Re7 52. Kf3 a5 53. Rd1 Bd7 54. Nf4 Bc6 55. Re1+ Kd6 56. Rxe7 Kxe7 57. Ke3 Kd6 58. Kd4 Bb7 59. Ne6 Ba6 60. Nf8 Ke7 61. Nxh7 Bc8 62. Kxd5 Bd7 63. Ng5 Kf8 64. Ne4 Kf7 65. h7 Kg7 66. Nxf6 1-0

[Event "Turkish-ch Youth U18 Boys 2024"]
[Site "Belek Antalya"]
[Date "2024.01.23"]
[Round "4"]
[White "Aksu, Ata Anil"]
[Black "Anacak, Hasan Gunes"]
[Result "0-1"]
[ECO "B20"]
[WhiteElo "1728"]
[BlackElo "2102"]
[Annotator "RC"]
[PlyCount "48"]
[EventDate "2024.01.21"]
[EventType "swiss"]
[EventCountry "TUR"]
[SourceTitle "playchess.com"]
[Source "ChessBase"]
[SourceQuality "1"]
[TimeControl "5400+30"]

1. e4 c5 2. b3 g6 3. Bb2 Nf6 4. Qf3 d6 5. Bb5+ Nbd7 6. Bxf6 exf6 7. Qd3 Be7 8. Nc3 O-O 9. Bxd7 Bxd7 10. Nge2 f5 11. O-O fxe4 12. Qxe4 Bc6 13. Nd5 Re8 14. Nec3 Bf8 15. Qf4 Bg7 16. Rae1 Re5 17. Rxe5 Bxe5 18. Qg4 h5 19. Qc4 a6 20. b4 Bxc3 21. Nxc3 Qg5 22. f3 Qxd2 23. Ne4 Qe3+ 24. Rf2 Bb5 0-1

[Event "Turkish-ch Youth U18 Boys 2024"]
[Site "Belek Antalya"]
[Date "2024.01.23"]
[Round "4"]
[White "Kuru, Berkay Goktug"]
[Black "Acar, Erdogan"]
[Result "1-0"]
[ECO "D12"]
[WhiteElo "1280"]
[BlackElo "1594"]
[Annotator "NA RC COMBH"]
[PlyCount "113"]
[EventDate "2024.01.21"]
[EventType "swiss"]
[EventCountry "TUR"]
[SourceTitle "playchess.com"]
[Source "ChessBase"]
[SourceQuality "1"]
[TimeControl "5400+30"]

1. d4 d5 2. c4 c6 3. Nf3 Nf6 4. e3 Bf5 5. Nc3 e6 6. Nh4 Bg6 7. Nxg6 hxg6 8. Qb3 Qc7 9. h3 Be7 10. Bd2 Nbd7 11. cxd5 exd5 12. Bd3 g5 13. O-O-O O-O-O 14. Kb1 Qb6 15. Rc1 Qxb3 16. axb3 Kb8 17. g3 g6 18. Be2 Rde8 19. Bf3 Bd6 20. Kc2 b5 21. Kd3 Nb6 22. Na2 Kb7 23. Bb4 Bxb4 24. Nxb4 Re6 25. Ke2 Nbd7 26. Bg4 Nxg4 27. hxg4 Rhe8 28. Rh7 R8e7 29. Nd3 Kb6 30. b4 Re4 31. Nc5 Nxc5 32. bxc5+ Kb7 33. Kf3 a5 34. Ra1 a4 35. b3 axb3 36. Rb1 R4e6 37. Rxb3 Rf6+ 38. Ke2 Re8 39. Ra3 Ra8 40. Rxa8 Kxa8 41. f3 Kb7 42. e4 dxe4 43. fxe4 Ka6 44. e5 Re6 45. Rxf7 Re8 46. Rc7 Re6 47. Kd3 Ka5 48. Kc3 Ka6 49. Kb4 Re7 50. Rxc6+ Kb7 51. Kxb5 Rd7 52. Rd6 Re7 53. c6+ Kc8 54. Kb6 Rg7 55. Rd7 Rg8 56. Ra7 Kb8 57. c7+ 1-0

[Event "Turkish-ch Youth U18 Boys 2024"]
[Site "Belek Antalya"]
[Date "2024.01.23"]
[Round "4"]
[White "Yildirim, Orhun Ali"]
[Black "Gunal, Yusuf Kursat"]
[Result "1-0"]
[ECO "B45"]
[WhiteElo "1229"]
[BlackElo "1801"]
[Annotator "NA RC COMBH"]
[PlyCount "116"]
[EventDate "2024.01.21"]
[EventType "swiss"]
[EventCountry "TUR"]
[SourceTitle "playchess.com"]
[Source "ChessBase"]
[SourceQuality "1"]
[TimeControl "5400+30"]

1. e4 c5 2. Nf3 e6 3. d4 cxd4 4. Nxd4 Nf6 5. Nc3 Nc6 6. Be3 Bb4 7. f3 Qa5 8. Qd2 d5 9. Bb5 Bd7 10. Rd1 a6 11. Bxc6 Bxc6 12. e5 Nd7 13. f4 Nc5 14. Nb3 Nxb3 15. axb3 g6 16. O-O O-O-O 17. Qf2 d4 18. Bxd4 Rxd4 19. Rxd4 Bc5 20. Rfd1 Kc7 21. Qd2 Qb6 22. Kh1 Bxd4 23. Qxd4 Qxd4 24. Rxd4 h5 25. Kg1 h4 26. Kf2 b5 27. Ne4 Bxe4 28. Rxe4 Rd8 29. Ke2 Kc6 30. Re3 (30. b4 $142) 30... Rd4 31. Rc3+ Kb6 32. g3 $16 h3 33. Rc8 Re4+ 34. Kf3 Re1 35. Kg4 Rb1 36. Kxh3 Rxb2 37. Kg4 a5 38. Kg5 a4 39. bxa4 Kb7 40. Rc3 bxa4 41. Kf6 Rb6 42. Kxf7 Ra6 43. Ra3 Kc7 44. Kxg6 Kd7 45. f5 exf5+ 46. Kxf5 Ke7 47. h4 Kf7 48. g4 Kg7 49. g5 Kf7 50. h5 Kg7 51. c4 Kf7 52. h6 Kg8 53. g6 Kf8 54. c5 Kg8 55. c6 Ra7 56. e6 Kf8 57. c7 Rxc7 58. Rxa4 Rc8 1-0

[Event "Turkish-ch Youth U18 Boys 2024"]
[Site "Belek Antalya"]
[Date "2024.01.23"]
[Round "5"]
[White "Anacak, Hasan Gunes"]
[Black "Temizer, Umut"]
[Result "1-0"]
[ECO "B90"]
[WhiteElo "2102"]
[BlackElo "2071"]
[Annotator "NA RC"]
[PlyCount "99"]
[EventDate "2024.01.21"]
[EventType "swiss"]
[EventCountry "TUR"]
[SourceTitle "playchess.com"]
[Source "ChessBase"]
[SourceQuality "1"]
[TimeControl "5400+30"]

1. e4 c5 2. Nf3 d6 3. d4 cxd4 4. Nxd4 Nf6 5. Nc3 a6 6. a3 e6 7. g4 h6 8. h4 b5 9. Bg2 $14 Bb7 10. g5 hxg5 11. hxg5 Rxh1+ 12. Bxh1 Nfd7 13. g6 Qf6 14. gxf7+ Kxf7 15. Be3 Nc6 16. Nf3 Kg8 17. Qe2 Rc8 18. Ng5 Be7 19. Qh5 Nf8 20. e5 dxe5 21. Be4 g6 22. Qh1 Nd4 23. Bxb7 Nxc2+ 24. Ke2 Rc7 25. Rg1 Nd4+ 26. Kf1 Nf5 27. Bb6 Rd7 28. Nce4 Qg7 29. Bc8 Bxg5 30. Nxg5 Rd1+ 31. Ke2 Rd6 32. Bc5 Nd4+ 33. Kf1 Qc7 34. Ne4 Qxc8 35. Bxd6 Qc1+ 36. Kg2 Qf4 37. Re1 Qf3+ 38. Kg1 Ne2+ 39. Rxe2 Qxe2 40. Qh4 Nh7 41. Qd8+ Kf7 42. Qe7+ Kg8 43. Qxe6+ Kg7 44. Bxe5+ Kf8 45. Bd6+ Kg7 46. Qe7+ Kh6 47. Bf4+ g5 48. Bxg5+ Kg6 49. Qe6+ Kg7 50. Bh6+ 1-0

[Event "Turkish-ch Youth U18 Boys 2024"]
[Site "Belek Antalya"]
[Date "2024.01.23"]
[Round "5"]
[White "Engin, Onur Cinar"]
[Black "Erdogan, Tekin Alp"]
[Result "1-0"]
[ECO "B22"]
[WhiteElo "2061"]
[BlackElo "1992"]
[Annotator "NA"]
[PlyCount "71"]
[EventDate "2024.01.21"]
[EventType "swiss"]
[EventCountry "TUR"]
[SourceTitle "playchess.com"]
[Source "ChessBase"]
[SourceQuality "1"]
[TimeControl "5400+30"]

1. e4 c5 2. c3 Nf6 3. e5 Nd5 4. Nf3 Nc6 5. d4 cxd4 6. cxd4 d6 7. Bc4 Nb6 8. Bb5 Bd7 9. Nc3 dxe5 10. dxe5 g6 11. O-O Bg7 12. Qe2 O-O 13. Rd1 Qc7 14. a4 Nxe5 $14 (14... Bxe5 $2 {is the wrong capture.} 15. Bxc6 Bxh2+ 16. Nxh2 $18) (14... a5 $11 {should be considered.}) 15. a5 Bxb5 16. Qxb5 Nxf3+ 17. gxf3 Nc8 18. Rd7 Qe5 19. Qxe5 Bxe5 20. Rxb7 Rd8 21. Be3 Rb8 22. a6 Kg7 23. f4 Bd6 24. Ne4 Kf8 25. Rd1 Ke8 26. Bc5 Bc7 27. Re1 Kd7 28. Rd1+ Ke8 29. Rc1 Bxf4 30. Nf6+ Kf8 31. Rc4 Rxb7 32. axb7 Bd6 33. Rd4 Nb6 34. Bxd6 exd6 35. Rxd6 Rb8 36. Rxb6 1-0

[Event "Turkish-ch Youth U18 Boys 2024"]
[Site "Belek Antalya"]
[Date "2024.01.23"]
[Round "5"]
[White "Ozcan, Alp Orcun"]
[Black "Kuru, Berkay Goktug"]
[Result "1-0"]
[ECO "C42"]
[WhiteElo "1657"]
[BlackElo "1280"]
[Annotator "NA RC COMBH"]
[PlyCount "49"]
[EventDate "2024.01.21"]
[EventType "swiss"]
[EventCountry "TUR"]
[SourceTitle "playchess.com"]
[Source "ChessBase"]
[SourceQuality "1"]
[TimeControl "5400+30"]

1. e4 e5 2. Nf3 Nf6 3. Nxe5 d6 4. Nf3 Nxe4 5. Nc3 Nxc3 6. dxc3 Be7 7. Be3 O-O 8. Qd2 Nd7 9. h4 Ne5 10. Ng5 c6 11. O-O-O Qa5 12. Kb1 Bf5 13. f3 b5 14. g4 Be6 15. b3 Rab8 16. f4 Nxg4 17. Qd3 Nf6 18. Bd4 g6 19. Nxe6 fxe6 20. h5 Kf7 21. hxg6+ hxg6 22. Be2 Rbd8 23. Bxf6 Bxf6 24. Rh7+ Bg7 25. Rg1 1-0

[Event "Turkish-ch Youth U18 Boys 2024"]
[Site "Belek Antalya"]
[Date "2024.01.23"]
[Round "5"]
[White "Kaderoglu, Ali Efe"]
[Black "Yildirim, Orhun Ali"]
[Result "1-0"]
[ECO "B13"]
[WhiteElo "1262"]
[BlackElo "1229"]
[Annotator "NA RC COMBH"]
[PlyCount "61"]
[EventDate "2024.01.21"]
[EventType "swiss"]
[EventCountry "TUR"]
[SourceTitle "playchess.com"]
[Source "ChessBase"]
[SourceQuality "1"]
[TimeControl "5400+30"]

1. e4 c6 2. d4 d5 3. exd5 cxd5 4. Bd3 Nc6 5. c3 Nf6 6. Nf3 Bg4 7. O-O e6 8. h3 Bh5 9. Re1 Rb8 10. Bf4 Bd6 11. Bxd6 Qxd6 12. Nbd2 b5 13. a3 O-O 14. Qe2 a6 15. Qe3 a5 16. Ne5 b4 17. axb4 axb4 18. Ra6 Rfc8 19. cxb4 Ra8 20. Rea1 Qc7 21. Rxa8 Nxb4 22. Rxc8+ Qxc8 23. Ndf3 Nxd3 24. Qxd3 Ne4 25. Nd2 f6 26. Nef3 Bg6 27. Qa3 Nxd2 28. Nxd2 Be8 29. Qa8 Qd7 30. Ra7 Qb5 31. Qb7 1-0

[Event "Turkish-ch Youth U18 Boys 2024"]
[Site "Belek Antalya"]
[Date "2024.01.27"]
[Round "9"]
[White "Anacak, Hasan Gunes"]
[Black "Erdogan, Tekin Alp"]
[Result "1/2-1/2"]
[ECO "B30"]
[WhiteElo "2102"]
[BlackElo "1992"]
[Annotator "NA RC"]
[PlyCount "58"]
[EventDate "2024.01.21"]
[EventType "swiss"]
[EventCountry "TUR"]
[SourceTitle "playchess.com"]
[Source "ChessBase"]
[SourceQuality "1"]
[TimeControl "5400+30"]

1. e4 c5 2. Nf3 Nc6 3. Bb5 e6 4. O-O Nge7 5. Re1 a6 6. Bf1 d5 7. exd5 Nxd5 8. d4 cxd4 9. Nxd4 Qd7 10. Nxc6 Qxc6 11. g3 Nf6 12. Bg2 Qb6 13. Nd2 Qc7 14. Nb3 Bd6 $16 ({Black should play} 14... Be7) 15. c4 Nd7 16. Be3 O-O 17. c5 Be5 18. Qe2 Nb8 19. Bd2 f6 20. f4 Bxb2 21. Ba5 Bd4+ 22. Kh1 Qd7 23. Rad1 e5 24. Qc4+ Kh8 25. Nxd4 exd4 26. Rxd4 Qb5 27. Qxb5 axb5 28. Rd8 Rxd8 29. Bxd8 Bd7 1/2-1/2

[Event "Turkish-ch Youth U18 Boys 2024"]
[Site "Belek Antalya"]
[Date "2024.01.27"]
[Round "9"]
[White "Kilic, Nurullah"]
[Black "Temizer, Umut"]
[Result "1-0"]
[ECO "B92"]
[WhiteElo "1751"]
[BlackElo "2071"]
[Annotator "NA RC"]
[PlyCount "81"]
[EventDate "2024.01.21"]
[EventType "swiss"]
[EventCountry "TUR"]
[SourceTitle "playchess.com"]
[Source "ChessBase"]
[SourceQuality "1"]
[TimeControl "5400+30"]

1. e4 c5 2. Nf3 d6 3. d4 cxd4 4. Nxd4 Nf6 5. Nc3 a6 6. Be2 e5 7. Nb3 Be7 8. Be3 Be6 9. Nd5 Nxd5 10. exd5 Bf5 11. Qd2 Nd7 12. Na5 Qc7 13. c4 O-O 14. O-O Bg6 15. Rac1 f5 16. f4 Nc5 17. b4 Ne4 18. Qe1 Rae8 19. fxe5 dxe5 20. c5 Bd8 21. d6 Qd7 22. Kh1 f4 23. Bg1 Bxa5 24. bxa5 Kh8 25. Qb4 Ng5 26. Rc3 Rf6 27. Bf2 Be4 28. Bh4 Qc6 29. Bf3 Nxf3 30. gxf3 Bd5 31. Bxf6 gxf6 32. Rd3 e4 33. Qd4 Re5 34. d7 Qxd7 35. fxe4 Qf5 36. exd5 Re4 37. Qf2 Rc4 38. Rd4 Rxd4 39. Qxd4 f3 40. Qe3 Kg8 41. Qe6+ 1-0

[Event "Turkish-ch Youth U18 Boys 2024"]
[Site "Belek Antalya"]
[Date "2024.01.27"]
[Round "9"]
[White "Ermemis, Kadir Efe"]
[Black "Ozen, Metehan"]
[Result "0-1"]
[ECO "B50"]
[WhiteElo "1725"]
[BlackElo "2252"]
[Annotator "RC"]
[PlyCount "46"]
[EventDate "2024.01.21"]
[EventType "swiss"]
[EventCountry "TUR"]
[SourceTitle "playchess.com"]
[Source "ChessBase"]
[SourceQuality "1"]
[TimeControl "5400+30"]

1. e4 c5 2. Nf3 d6 3. c4 e5 4. Be2 Nc6 5. O-O g6 6. d3 Bg7 7. Nc3 Nge7 8. Ne1 O-O 9. f4 f5 10. fxe5 Nxe5 11. Bf3 f4 12. Be2 g5 13. h3 N7g6 14. Nd5 Nh4 15. Nf3 Nhxf3+ 16. Bxf3 g4 17. Be2 f3 18. gxf3 Qh4 19. hxg4 Qg3+ 20. Kh1 Be6 21. Ne7+ Kh8 22. Qe1 Qh3+ 23. Kg1 Nxg4 0-1

[Event "Turkish-ch Youth U18 Boys 2024"]
[Site "Belek Antalya"]
[Date "2024.01.27"]
[Round "9"]
[White "Giray, Arda"]
[Black "Kaderoglu, Ali Efe"]
[Result "0-1"]
[ECO "C10"]
[WhiteElo "1323"]
[BlackElo "1262"]
[Annotator "NA RC COMBH"]
[PlyCount "121"]
[EventDate "2024.01.21"]
[EventType "swiss"]
[EventCountry "TUR"]
[SourceTitle "playchess.com"]
[Source "ChessBase"]
[SourceQuality "1"]
[TimeControl "5400+30"]

1. e4 e6 2. Nf3 d5 3. Nc3 dxe4 4. Nxe4 Be7 5. d4 Nf6 6. Bd3 Nbd7 7. Nxf6+ Nxf6 8. O-O O-O 9. c3 b6 10. Qe2 Bb7 11. b4 c5 12. bxc5 bxc5 13. Be3 Qa5 14. Rab1 Bxf3 15. gxf3 Rab8 16. Kh1 Qxc3 17. Rfc1 Rxb1 18. Bxb1 Qa5 19. dxc5 Rc8 20. Qb2 Qc7 21. Rg1 e5 22. Rc1 Qc6 23. Qxe5 Qxf3+ 24. Kg1 Qg4+ 25. Kh1 Qf3+ 26. Kg1 Qg4+ 27. Qg3 Qe6 28. Qf3 g6 29. c6 Nd5 30. Be4 Nf6 31. Bb1 Nd5 32. Be4 Nf6 33. Bd3 Bd6 34. Ba6 Rc7 35. a4 Qe5 36. h3 Nd5 37. Bc4 Nf6 38. Kf1 Kg7 39. Bd3 Nd5 40. Bc4 Nf6 41. Bb5 Nd5 42. Rd1 Nxe3+ 43. fxe3 Bc5 44. Rd7 Qa1+ 45. Kg2 Qb2+ 46. Kg3 Qe5+ 47. Qf4 Qxf4+ 48. Kxf4 Bb6 49. Ke5 Rxd7 50. cxd7 f5 51. Kd6 Kf8 52. Ke6 Ba5 53. Kf6 Bd8+ 54. Ke6 Bb6 55. h4 Ba5 56. h5 Bd8 57. hxg6 hxg6 58. Bc6 Kg8 59. a5 Bxa5 60. Ke7 Kg7 61. d8=Q 0-1

[Event "Turkish-ch Youth U18 Boys 2024"]
[Site "Belek Antalya"]
[Date "2024.01.27"]
[Round "9"]
[White "Yildirim, Orhun Ali"]
[Black "Aksu, Ata Anil"]
[Result "0-1"]
[ECO "B25"]
[WhiteElo "1229"]
[BlackElo "1728"]
[Annotator "NA RC COMBH"]
[PlyCount "69"]
[EventDate "2024.01.21"]
[EventType "swiss"]
[EventCountry "TUR"]
[SourceTitle "playchess.com"]
[Source "ChessBase"]
[SourceQuality "1"]
[TimeControl "5400+30"]

1. e4 c5 2. Nc3 Nc6 3. g3 g6 4. Bg2 Bg7 5. Nge2 d6 6. d3 Rb8 7. a4 a6 8. h3 e6 9. O-O Nge7 10. f4 b5 11. axb5 axb5 12. g4 b4 13. Nb1 f5 14. Nd2 O-O 15. Nf3 Qb6 16. Kh1 h6 17. Qe1 Bd7 18. Qg3 Rbe8 19. Rg1 Kh7 20. Bf1 Qb7 21. c3 bxc3 22. bxc3 c4 23. gxf5 exf5 24. Nh4 Rf6 25. Kh2 cxd3 26. Nd4 Nxd4 27. e5 dxe5 28. fxe5 Re6 29. cxd4 Qe4 30. Bxd3 Qxd4 31. Bf4 Qb2+ 32. Rg2 Qxa1 33. Nxf5 Nxf5 34. Bxf5 Qa6 35. Bxe6 0-1